AoeStats
← elcossu

Arena

509654004Analyzed
2v2 RM · 5d ago on Sep 27, 2026· 26m 41s· 4 players
Game mode
Random Map
Map size
Medium (4 player)
Population
200
Speed
Normal
Resources
Standard
Victory
Conquest
Starting age
Dark Age
Ending age
Imperial Age
RankedLock teamsTeams togetherTeam positionsShared explorationLock speedFull tech treeHidden civsTurbo modeCheats
Victory
Defeat
🇨🇱 Cumans · Chile
880
+12
🇨🇱 Franks · Chile
849
+14
🇮🇹 Bulgarians · Italy
809
-13
🇩🇪 Italians · Germany
791
-13
elcossu
10:44 Feudal Age
11:24 Double-Bit Axe
15:51 Castle Age
13:53 Horse Collar
17:02 Bow Saw
18:59 Husbandry
21:24 Wheelbarrow
22:23 Fletching
Apache[ITA]
10:18 Feudal Age
11:09 Double-Bit Axe
17:15 Castle Age
15:40 Gold Mining
15:43 Horse Collar
pablodespiau
0:43 Loom
11:41 Feudal Age
12:17 Double-Bit Axe
12:24 Gold Mining
12:18 Horse Collar
14:10 Fletching
17:16 Scale Mail Armor
17:59 Man-at-Arms
20:16 Forging
bryan.serrailler
10:56 Feudal Age
11:57 Double-Bit Axe
12:06 Gold Mining
16:38 Stone Mining
20:19 Castle Age
22:07 Scale Barding Armor
25:37 Husbandry
26:02 Chain Barding Armor
26:45 Wheelbarrow
Connection lost

Rejoining the realm…

Still unreachable

The connection could not be restored.

Session expired

The server has moved on; the page needs a fresh start.